 Dungeon Crawl Stone Soup version 0.31-a0-166-g46f44d267d (webtiles) character file.

Game seed: 4089760991130228150

1231 Gargoyl the Slasher (level 8, -3/50 HPs)
             Began as a Gargoyle Berserker on June 14, 2023.
             Was a Believer of Trog.
             Killed by divine providence
             ... invoked by an orc priest
              (15 damage)
             ... on level 6 of the Dungeon.
             The game lasted 00:05:03 (4016 turns).

Gargoyl the Slasher (Gargoyle Berserker)            Turns: 4016, Time: 00:05:04

Health: -3/50      AC: 18    Str: 27    XL:     8   Next: 48%
Magic:  8/8        EV:  8    Int:  9    God:    Trog [**....]
Gold:   240        SH:  0    Dex: 11    Spells: 7/7 levels left

rFire   . . .        i - +1 great sword of the Bedazzling Queen {elec, rPois Str+7}
rCold   . . .        (shield currently unavailable)
rNeg    + . .        d - +0 plate armour
rPois   ∞            (no helmet)
rElec   +            (no cloak)
rCorr   .            h - +0 pair of gloves
SInv    .            (no boots)
Will    .....        (no amulet) Stlth
                     (no ring)
HPRegen 0.28/turn    (no ring)
MPRegen 0.11/turn

%: random rage (3%)
@: attractive
A: sickness immunity, AC +5, negative energy resistance 1, electricity
resistance, torment resistance 1, petrification resistance, berserk 1, wild
magic 1, inability to drink after injury 1
a: Renounce Religion, Berserk, Trog's Hand


You were on level 6 of the Dungeon.
You worshipped Trog.
Trog was pleased with you.
You visited 1 branch of the dungeon, and saw 6 of its levels.

You collected 240 gold pieces.

Inventory:

Hand Weapons
 a - a +1 hand axe
 f - a +5 dire flail of holy wrath
 i - the +1 great sword of the Bedazzling Queen (weapon) {elec, rPois Str+7}
   (You found it on level 3 of the Dungeon)

   Str:       It affects your strength (+7).
   rPois:     It protects you from poison.
 l - a +2 war axe
Missiles
 p - 2 poisoned darts (quivered)
Armour
 d - a +0 plate armour (worn)
 h - a +0 pair of gloves (worn)
Wands
 g - a wand of polymorph (8)
 n - a wand of roots (4)
Scrolls
 j - a scroll of identify
 k - a scroll of enchant armour {unknown}
 o - 2 scrolls of teleportation
Potions
 b - 2 potions of mutation
 c - 4 potions of lignification
 e - a potion of haste


   Skills:
 + Level 5.5 Fighting
 + Level 5.7 Long Blades
 + Level 4.6 Axes
 + Level 4.7 Armour
 + Level 2.2 Dodging
 + Level 1.0 Stealth
 + Level 0.8 Unarmed Combat


You had 7 spell levels left.
You didn't know any spells.
Your spell library was empty.

Dungeon Overview and Level Annotations

Branches:
Dungeon (6/15)             Temple (0/1) D:5

Altars:
Fedhas
Hepliaklqana
Okawaru
Wu Jian
Xom
Yredelemnul

Shops:
D:2 [[


Innate Abilities, Weirdness & Mutations

You are immune to sickness and miasma.
Your stone body is resilient. (AC +5)
You are immune to poison.
You resist negative energy. (rN+)
You are resistant to electric shocks. (rElec)
You are resistant to unholy torment.
You are immune to petrification.
You sometimes lose your temper in combat.
Your spells are a little harder to cast, but a little more powerful.
You occasionally lose the ability to drink potions when taking damage.


Message History

You see here a +0 chain mail.
You see here a +0 leather armour.
Found a scroll of vulnerability.
c - 4 potions of lignification (gained 1)
You see here a +0 leather armour.
You see here a +0 chain mail.
There is a stone staircase leading up here.
There is an open door here.
Done exploring.
Done exploring.
Done exploring.
(D) Dungeon (T) Temple
Where to? (Enter - D:4, ? - help)
What level of the Dungeon? (default 1, ? - help)
There is an open door here.
There is a stone staircase leading up here.
There is a stone staircase leading down here.
You climb downwards.
The orc shouts!
The orc priest shouts!
The howler monkey howls!
The jelly quivers.
There is a stone staircase leading up here.
There are monsters nearby!
The orc priest mumbles some strange prayers to Beogh against you.
Pain shoots through your body!
You barely miss the orc priest.
The orc priest mumbles some strange prayers to Beogh against you.
Beogh smites you! The orc closely misses you.
You barely miss the orc priest. The orc barely misses you.
The orc hits you from afar with a +0 trident.
The orc priest calls down the wrath of Beogh upon you.
Beogh smites you!
The howler monkey completely misses you.
It was a potion of attraction.
You feel attractive to monsters.
The orc hits you from afar with a +0 trident.
* * * LOW HITPOINT WARNING * * *
The howler monkey hits you but does no damage.
The orc priest calls down the wrath of Beogh upon you.
Beogh smites you!
You die...

#########
#.......#
#.8.8.8.#
#...o...#.
#<@oo.....
#.hoJ...##
#.8.8.8.#
#.......#
#########


You could see a howler monkey, a jelly, an orc priest, an orc wizard and 2 orcs.

Vanquished Creatures
  Grinder (D:5)
  Sigmund (D:4)
  Edmund (D:4)
  A phantom (D:4)
  A scorpion (D:5)
  4 wights (D:4)
  3 killer bees (D:5)
  A sleepcap (D:4)
  Ijyb (D:4)
  Terence (D:2)
  3 iguanas (D:5)
  6 adders
  An ufetubus (D:5)
  3 worms
  A dart slug (D:1)
  4 orcs
  3 endoplasms
  5 giant cockroaches
  7 goblins
  5 hobgoblins
  6 jackals
  5 quokkas
  5 ball pythons
  3 bats
  4 frilled lizards
  5 kobolds
  4 rats
  A spectral orc (D:3)
86 creatures vanquished.

Notes
Turn   | Place    | Note
-------+----------+-------------------------------------------
     0 | D:1      | Gargoyl the Gargoyle Berserker began the quest for the Orb.
     0 | D:1      | Reached XP level 1. HP: 14/14 MP: 1/1
   191 | D:1      | Reached XP level 2. HP: 19/19 MP: 2/2
   756 | D:1      | Reached XP level 3. HP: 22/24 MP: 3/3
  1143 | D:2      | Found Tascherr's Armour Shoppe.
  1326 | D:2      | Noticed Terence
  1333 | D:2      | Killed Terence
  1370 | D:2      | Found Vuebiy's Antique Armour Shop.
  1444 | D:2      | Reached XP level 4. HP: 28/29 MP: 4/4
  1541 | D:2      | Reached ** piety under Trog
  1906 | D:3      | Found an iron altar of Okawaru.
  1991 | D:3      | Identified the +1 great sword of the Bedazzling Queen
                  | {elec, rPois Str+7}
  2100 | D:3      | Found a shimmering altar of Xom.
  2148 | D:3      | Found a large runed translucent door.
  2149 | D:3      | Found a large runed translucent door.
  2306 | D:3      | Found a basalt altar of Yredelemnul.
  2506 | D:3      | Found a blossoming altar of Fedhas.
  2520 | D:3      | Found a hazy altar of Hepliaklqana.
  2567 | D:4      | Noticed Ijyb
  2571 | D:4      | Killed Ijyb
  2572 | D:4      | Reached XP level 5. HP: 33/33 MP: 5/5
  2664 | D:4      | Reached skill level 1 in Long Blades
  2666 | D:4      | Reached XP level 6. HP: 37/39 MP: 6/6
  2676 | D:4      | Gained mutation: Your spells are a little harder to cast,
                  | but a little more powerful. [potion of mutation]
  2676 | D:4      | Gained mutation: You sometimes lose your temper in combat.
                  | [potion of mutation]
  2676 | D:4      | Gained mutation: You occasionally lose the ability to drink
                  | potions when taking damage. [potion of mutation]
  2790 | D:4      | Noticed Sigmund
  2794 | D:4      | Killed Sigmund
  2795 | D:4      | Reached XP level 7. HP: 44/44 MP: 7/7
  2808 | D:4      | Noticed Edmund
  2815 | D:4      | Killed Edmund
  2917 | D:4      | Reached skill level 5 in Fighting
  2955 | D:4      | Found an ornate altar of the Wu Jian Council.
  3262 | D:5      | Entered Level 5 of the Dungeon
  3390 | D:5      | Reached XP level 8. HP: 29/49 MP: 8/8
  3454 | D:5      | Found a staircase to the Ecumenical Temple.
  3486 | D:5      | Noticed Grinder
  3497 | D:5      | Killed Grinder
  3498 | D:5      | Reached skill level 5 in Long Blades
  3498 | D:5      | Reached skill level 1 in Stealth
  4016 | D:6      | Killed from afar by an orc priest

Illustrated notes

Levels and vault maps discovered:
D:1:      shiori_shiawase, layout_basic
D:2:      layout_loops_ring, serial_shops,
          nicolae_shop_temple_entry_statues_fountains, shop,
          nicolae_eternal_life, minmay_diced_spiral, uniq_terence
D:3:      layout_loops_ring, yredelemnul_forgotten_temple_becter,
          xom_butterflies, lemuel_tele_altar, jmf_multi_god_temple2
D:4:      layout_rooms, nzn_wu_jian_contemplation, st_stairs_12,
          sigmund_edmund_badplayer, uniq_ijyb
D:5:      layout_basic, minmay_temple_entry_enclosed_plants,
          kennysheep_big_empty_room, uniq_grinder
D:6:      layout_layer_cave, grunt_ministairs_3

Skill      XL: |  1  2  3  4  5  6  7  8 |
---------------+-------------------------+-----
Axes           | 3 4 |  4.6
Fighting       | 4 5 |  5.5
Long Blades    | 1 3 4 5 |  5.7
Armour         | 3 4 |  4.7
Dodging        | 2 |  2.2
Stealth        | 1 |  1.0
Unarmed Combat | |  0.8

Action                     |  1- 3 |  4- 6 |  7- 9 || total
---------------------------+-------+-------+-------++-------
  Melee: Hand axe          |   106 |    45 |       ||   151
         Great sword       |       |    41 |    76 ||   117
         Unarmed           |       |       |     7 ||     7
 Invoke: Berserk           |     2 |     1 |     1 ||     4
         Trog's Hand       |       |     2 |     2 ||     4
    Use: Scroll            |     2 |     6 |     3 ||    11
         Potion            |       |     5 |     1 ||     6
 Armour: Animal skin       |    26 |       |       ||    26
         Plate armour      |     8 |    68 |    68 ||   144
         Skin              |       |     4 |     1 ||     5
  Dodge: Dodged            |    69 |    37 |    50 ||   156

Table legend: (Time is in decaauts)
 A = Elapsed time spent in this place.
 B = Non-inter-level travel time spent in this place.
 C = Inter-level travel time spent in this place.
 D = Time resting spent in this place.
 E = Time spent auto-exploring this place.
 F = Levels seen in this place.
 G = Mean time per level.
                   A        B        C        D        E       F      G
               +--------+--------+--------+--------+--------+-----+--------+
         Total |   4120 |   3987 |    133 |     26 |   3066 |   6 |  686.7 |
       Dungeon |   4120 |   3987 |    133 |     26 |   3066 |   6 |  686.7 |
               +--------+--------+--------+--------+--------+-----+--------+

Top non-repeatable levels by time:
     D:1: 1061 daAuts
     D:3: 816 daAuts
     D:5: 794 daAuts
     D:4: 722 daAuts
     D:2: 720 daAuts
     D:6: 4 daAuts
